 Dungeon Crawl Stone Soup version 0.20.1-1-g8b1a95d (webtiles) character file.

832 equalderp2856 the Chopper (level 7, -3/91 HPs)
             Began as a Minotaur Fighter on Aug 27, 2017.
             Slain by Prince Ribbit (11 damage)
             ... on level 5 of the Dungeon.
             The game lasted 00:06:03 (4971 turns).

equalderp2856 the Chopper (Minotaur Fighter)        Turns: 4971, Time: 00:06:03

Health: -3/91      AC: 23    Str: 21    XL:     7   Next: 65%
Magic:  6/6        EV:  2    Int:  5    God:
Gold:   225        SH: 10    Dex: 11    Spells: 6/6 levels left

rFire    . . .     SeeInvis .   a - +0 war axe
rCold    . . .     Gourm    .   c - +0 shield
rNeg     + + +     Faith    .   (armour currently unavailable)
rPois    +         Spirit   .   (helmet currently unavailable)
rElec    .         Reflect  .   (cloak currently unavailable)
rCorr    .         Harm     .   (gloves currently unavailable)
MR       .....     NoTele   +   (boots currently unavailable)
Stlth    +.........             (no amulet)
Regen    0.3/turn               (no ring)
MPRegen  0.1/turn               (no ring)

@: tree-form, hasted, very quick
A: (retaliatory headbutt)
a: no special abilities


You were on level 5 of the Dungeon.
You were very hungry.
You were a tree.
You visited 1 branch of the dungeon, and saw 5 of its levels.

You collected 225 gold pieces.

Inventory:

Hand Weapons
 a - a +0 war axe (weapon)
 u - a cursed -2 spear
Missiles
 n - 2 tomahawks (quivered)
 t - 13 bolts
 v - a throwing net
Armour
 b - a +0 scale mail (melded)
 c - a +0 shield (worn)
Jewellery
 h - an uncursed ring of flight {unknown}
 D - an uncursed ring of magical power {unknown}
 F - an uncursed ring of magical power {unknown}
 H - an uncursed ring of magical power {unknown}
Wands
 s - a wand of random effects (19/48)
 z - a wand of polymorph (1/24)
 G - a wand of iceblast (15/15)
Scrolls
 e - 3 scrolls of recharging
 j - a scroll of enchant weapon {unknown}
 l - 4 scrolls of blinking {unknown}
 m - a scroll of identify {unknown}
 p - 2 scrolls of teleportation {unknown}
 w - 6 scrolls of remove curse {unknown}
 x - a scroll of fear {unknown}
 y - a scroll of random uselessness {unknown}
 A - 4 scrolls of amnesia {unknown}
 B - a scroll of immolation {unknown}
 I - a scroll of brand weapon {unknown}
Potions
 d - 2 potions of might
 i - a potion of curing {unknown}
 q - a potion of lignification
 C - a potion of agility {unknown}
 E - a potion of mutation {unknown}
Comestibles
 f - 3 bread rations
 g - 3 meat rations
 k - 2 royal jellies
 o - 5 fruits


   Skills:
 + Level 5.2 Fighting
 + Level 6.8 Axes
 + Level 5.8 Armour
 + Level 1.9 Dodging
 + Level 0.5 Stealth
 + Level 5.9 Shields
 + Level 0.7 Unarmed Combat
 + Level 0.1 Evocations


You had 6 spell levels left.
You didn't know any spells.

Dungeon Overview and Level Annotations

Branches:
Dungeon (5/15)
 Temple: D:4-7

Altars:
Dithmenos
Makhleb
Nemelex Xobeh
Okawaru
Xom

Annotations:
D:5 Eustachio, Prince Ribbit


Innate Abilities, Weirdness & Mutations

((You reflexively headbutt those who attack you in melee.))
((You have a pair of horns on your head.))


Message History

* * * LOW HITPOINT WARNING * * *
As you read the scroll labeled AGUWYJ ESHROT, it crumbles to dust.
It is a scroll of recharging.
Charge which item? (? for menu, Esc to quit)
Your wand of iceblast (?/15) glows for a moment.
Prince Ribbit hits you.
* * * LOW HITPOINT WARNING * * *
You block Prince Ribbit's attack.
Unknown command.
It was a potion of lignification.
You turn into a tree.
Your +0 scale mail melds into your body.
Your roots penetrate the ground.
Prince Ribbit completely misses you.
Unknown command.
You miss Prince Ribbit.
Prince Ribbit is lightly wounded.
You block Prince Ribbit's attack. Prince Ribbit barely misses you.
Eustachio casts a spell.
Unknown command.
It was a potion of haste.
You feel yourself speed up. Prince Ribbit hits you!
You die...

....#................###....#
........).....@.5...## ##.##
.................<..# #
..............(....##
..................##
....#.............#
....##...........##
...[###.........F# ### ....#
###..[....♣# ####.###
....####.........## ##......#
....#....####.....###.......##
......#### ####..##.........#
......### ##............#
........# #............#
.......## ##......).<.(# #
......## ##.........<####
.....## #...........#..


You could see Eustachio, Prince Ribbit and a crimson imp.

Vanquished Creatures
  A sky beast (D:3)
  2 ogres (D:4)
  A centaur (D:5)
  A hound (D:4)
  A bullfrog skeleton (D:5)
  A jelly (D:5)
  Ijyb (D:3)
  5 orc wizards (D:4)
  2 worker ants
  Robin (D:4)
  3 gnolls (D:1)
  5 adders
  An ooze (D:3)
  3 adder skeletons
  5 worms
  2 dart slugs
  2 leopard geckos
  5 orcs
  9 bats
  17 goblins
  8 hobgoblins
  A quokka (D:3)
  A ball python (D:4)
  4 frilled lizards
  6 kobolds
  5 rats
93 creatures vanquished.

Notes
Turn   | Place    | Note
-------+----------+-------------------------------------------
     0 | D:1      | equalderp2856 the Minotaur Fighter began the quest for the Orb.
     0 | D:1      | Reached XP level 1. HP: 19/19 MP: 0/0
    97 | D:1      | Reached XP level 2. HP: 22/27 MP: 1/1
   705 | D:2      | Reached XP level 3. HP: 29/33 MP: 2/2
   787 | D:2      | Found an iron altar of Okawaru.
  1046 | D:2      | Found a shimmering altar of Xom.
  1236 | D:1      | Reached XP level 4. HP: 19/40 MP: 3/3
  1236 | D:1      | Reached skill level 3 in Axes
  1991 | D:3      | Noticed a sky beast
  2026 | D:3      | Killed a sky beast
  2026 | D:3      | Reached skill level 4 in Axes
  2026 | D:3      | Reached XP level 5. HP: 12/47 MP: 4/4
  2485 | D:3      | Noticed Ijyb
  2504 | D:3      | Killed Ijyb
  2504 | D:3      | Reached skill level 5 in Armour
  2725 | D:4      | Reached skill level 5 in Axes
  2725 | D:4      | Reached XP level 6. HP: 53/53 MP: 5/5
  2731 | D:4      | Reached skill level 5 in Shields
  2938 | D:4      | Noticed Robin
  2949 | D:4      | Killed Robin
  3027 | D:4      | Found a shadowy altar of Dithmenos.
  3057 | D:4      | Reached skill level 1 in Dodging
  3445 | D:4      | Reached skill level 6 in Axes
  3445 | D:4      | Reached XP level 7. HP: 60/60 MP: 6/6
  3453 | D:4      | Reached skill level 5 in Fighting
  3784 | D:4      | Found a sparkling altar of Nemelex Xobeh.
  3941 | D:5      | Entered Level 5 of the Dungeon
  4213 | D:5      | Found a burning altar of Makhleb.
  4213 | D:5      | Noticed a cacodemon
  4459 | D:5      | Noticed a hellwing
  4459 | D:5      | Noticed a hellwing
  4933 | D:5      | Noticed Prince Ribbit
  4940 | D:5      | Noticed Eustachio
  4971 | D:5      | Slain by Prince Ribbit

Skill      XL: |  1  2  3  4  5  6  7 |
---------------+----------------------+-----
Armour         | 4 5 |  5.8
Shields        | 4 5 |  5.9
Fighting       | 4 5 |  5.2
Axes           | 4 5 6 |  6.8
Dodging        | 1 |  1.9
Stealth        | |  0.5
Unarmed Combat | |  0.7
Evocations     | |  0.1

Action                   |  1- 3 |  4- 6 |  7- 9 || total
-------------------------+-------+-------+-------++-------
Melee: War axe           |    70 |   128 |    54 ||   252
       Headbutt          |    10 |    21 |    11 ||    42
       Unarmed           |       |    13 |       ||    13
Evoke: Wand              |       |     1 |       ||     1
  Use: Potion            |       |       |     2 ||     2
       Scroll            |       |       |     1 ||     1
  Eat: Chunk             |       |     8 |     2 ||    10
       Fruit             |       |       |     2 ||     2
Armor: Scale mail        |    28 |    53 |    15 ||    96
Dodge: Dodged            |    26 |    44 |    22 ||    92
Block: Shield            |    47 |    66 |    24 ||   137
